 Dungeon Crawl Stone Soup version 0.27.1-1-g398f81649c (webtiles) character file.

Game seed: 3114205451836378422

327 H0rd4k the Magician (level 6, -2/37 HPs)
             Began as an Octopode Hedge Wizard on Sept 20, 2021.
             Succumbed to a gnoll's poison
             ... on level 4 of the Dungeon.
             The game lasted 00:06:33 (5269 turns).

H0rd4k the Magician (Octopode Hedge Wizard)         Turns: 5269, Time: 00:06:33

Health: -2/37      AC:  2    Str:  9    XL:     6   Next: 50%
Magic:  3/13       EV: 20    Int: 18    God:
Gold:   224        SH:  5    Dex: 17    Spells: 6/14 levels left

rFire    . . .     SeeInvis .   (weapon currently unavailable)
rCold    . . .     Faith    .   (shield currently unavailable)
rNeg     . . .     Spirit   .   (helmet currently unavailable)
rPois    x         Reflect  +   m - amulet of reflection
rElec    .         Harm     .   (no ring)
rCorr    .         Rampage  .   (no ring)
Will     .....                  (no ring)
Stlth    +++.......             (no ring)
HPRegen  0.12/turn              (no ring)
MPRegen  0.13/turn              (no ring)
                                (no ring)
                                (no ring)

@: lethally poisoned (-2 -> -20), spider-form
A: venomous fangs, almost no armour, (amphibious), 8 rings, tiny, (camouflage
1), (gelatinous body 1), (nimble swimmer 1), (tentacles)
a: End Transformation


You were on level 4 of the Dungeon.
You were a venomous arachnid creature.
You visited 2 branches of the dungeon, and saw 5 of its levels.

You collected 224 gold pieces.

Inventory:

Hand Weapons
 a - a +0 dagger
Armour
 b - a +0 hat (melded)
Magical Staves
 p - a staff of poison (melded)
Jewellery
 m - an amulet of reflection (around neck)
Wands
 o - a wand of polymorph (7)
Scrolls
 d - a scroll of enchant weapon {unknown}
 g - 5 scrolls of identify {unknown}
 h - a scroll of acquirement {unknown}
 i - 2 scrolls of enchant armour {unknown}
 k - a scroll of vulnerability {unknown}
 n - 2 scrolls of magic mapping {unknown}
Potions
 c - 2 potions of magic {unknown}
 e - 4 potions of lignification {unknown}
 f - 2 potions of haste {unknown}
 j - 4 potions of heal wounds {unknown}
 l - 2 potions of brilliance {unknown}


   Skills:
 + Level 0.3 Fighting
 + Level 0.5 Short Blades
 + Level 2.8 Dodging
 + Level 3.4 Stealth
 + Level 0.2 Shields
 + Level 4.7 Spellcasting
 + Level 2.3 Conjurations
 + Level 1.0 Summonings
 + Level 1.0 Translocations
 + Level 1.5 Transmutations
 + Level 0.5 Air Magic
 * Level 2.4 Poison Magic


You had 6 spell levels left.
You knew the following spells:

 Your Spells              Type           Power      Damage    Failure   Level
a - Magic Dart            Conj           48%        1d5       16%         1
b - Blink                 Tloc           N/A        N/A       32%         2
c - Spider Form           Tmut/Pois      5%         N/A       38%         3
d - Poisonous Vapours     Pois/Air       18%        N/A       28%         2

Your spell library contained the following spells:

 Spells                   Type           Power      Damage    Failure   Level
 Sandblast                Erth           8%         2d5       32%         1
 Call Imp                 Summ           7%         N/A       32%         2
 Passwall                 Tmut/Erth      5%         N/A       34%         2
 Corpse Rot               Necr/Air       N/A        N/A       38%         2
 Ensorcelled Hibernation  Hex/Ice        8%         N/A       41%         2
 Slow                     Hex            4%         N/A       41%         2
 Mephitic Cloud           Conj/Pois/Air  10%        N/A       41%         3
 Conjure Flame            Conj/Fire      8%         6-21      47%         3
 Stone Arrow              Conj/Erth      16%        3d8       47%         3
 Summon Forest            Summ/Tloc      3%         N/A       98%         5
 Bolt of Magma            Conj/Fire/Erth 3%         4d5       99%         5
 Freezing Cloud           Conj/Ice/Air   3%         6-21      99%         5
 Lee's Rapid Deconstruct  Erth           2%         3d5*      99%         5
 Eringya's Noxious Bog    Tmut/Pois      5%         N/A       100%        6
 Shadow Creatures         Summ           N/A        N/A       100%        6
 Summon Hydra             Summ           3%         N/A       100%        7
 Shatter                  Erth           2%         3d6*      100%        9


Dungeon Overview and Level Annotations

Branches:
Dungeon (4/15)             Temple (1/1) D:4

Altars:
Ashenzari
Cheibriados
Dithmenos
Fedhas
Hepliaklqana
Kikubaaqudgha
Makhleb
Okawaru
Qazlal
Sif Muna
Uskayaw
Vehumet
Wu Jian
Xom
Zin
The Shining One

Shops:
D:4 :[(

Annotations:
D:3 exclusion: downstairs


Innate Abilities, Weirdness & Mutations

You are a venomous arachnid creature.
You have poisonous fangs.
You are tiny and dextrous.
Your spellcasting is less reliable in this form.
Your armour is entirely melded.
You are incapable of wielding weapons or throwing items.
You cannot wear most types of armour.
((You are amphibious.))
You can wear up to eight rings at the same time.
((Your skin changes colour to match your surroundings (Stealth+).))
((Your rubbery body absorbs attacks. (AC +1, EV +1)))
((You are camouflaged near water. (Stealth+)))
((You have tentacles for arms and can constrict up to eight enemies at once.))


Message History

The gnoll shaman is moderately wounded.
The magic dart hits the gnoll shaman but does no damage.
The gnoll shaman is moderately wounded.
A gnoll comes into view.
It is wielding a +0 flail and quivering poisoned darts.
A gnoll comes into view. It is wielding a +0 club.
The magic dart hits the gnoll shaman but does no damage.
The gnoll shaman is moderately wounded.
The gnoll shouts!
You hear a shout!
A gnoll comes into view. It is wielding a +0 spear.
The gnoll shaman hits you with a +0 whip!
The magic dart hits the gnoll shaman but does no damage.
The gnoll shaman is moderately wounded.
The gnoll shaman barely misses you.
The gnoll shaman calls upon its god to speed up the gnoll.
The gnoll seems to speed up.
Things that are here:
a +0 spear; a gnoll skeleton
Casting: Magic Dart (safe; 5% risk of failure)
Confirm with . or Enter, or press ? or * to list all spells.
The spell is quite dangerous to cast (19% risk of failure)!
Continue anyway?
You feel a surge of power!
You turn into a venomous arachnid creature.
Your staff of poison melds into your body.
Your +0 hat melds into your body.
You hit the gnoll shaman.
The gnoll shaman is poisoned.
The gnoll shaman is moderately wounded.
You hit the gnoll shaman but do no damage.
The gnoll shaman looks even sicker.
The gnoll shaman is heavily wounded.
The gnoll throws a poisoned dart.
The poisoned dart hits you!
You are poisoned.
The gnoll shaman hits you with a +0 whip!
You barely miss the gnoll shaman.
The gnoll shaman is heavily wounded.
* * * LOW HITPOINT WARNING * * *
You feel very sick. The gnoll hits you with a +0 flail!
* * * LOW HITPOINT WARNING * * *
The gnoll shaman misses you.
You die...

##...# #..
#....###..... ##...##
#.. ##...........
#..### #.#
##.........# ..## #.#
##.......... ..# #.#
##..##...###.
.#########.#
##.####...####
.∩##.......# ##.##
#....# #
...[.##....########.##
#.#..###
....####.÷.gg.g)s...#
#.###.## ....##
#...####g...## .# ##..
.##.)###..## ###### #.
##. ####.....## #. ##
.#....)..# #
.#........#
.#......)..#
.#.......... #
##........... ##


You could see a gnoll shaman (very poisoned) and 3 gnolls.

Vanquished Creatures
  Edmund (D:4)
  A jelly (D:4)
  2 gnolls (D:4)
  5 adders
  An ufetubus (D:4)
  2 worms
  5 dart slugs
  6 orcs
  5 ball pythons
  4 bats
  7 endoplasms
  5 giant cockroaches
  6 hobgoblins
  9 kobolds
  2 quokkas (D:4)
  2 frilled lizards
  6 goblins
  7 rats
76 creatures vanquished.

Notes
Turn   | Place    | Note
-------+----------+-------------------------------------------
     0 | D:1      | H0rd4k the Octopode Hedge Wizard began the quest for the
                  | Orb.
     0 | D:1      | Reached XP level 1. HP: 11/11 MP: 4/4
   194 | D:1      | Reached XP level 2. HP: 17/17 MP: 0/6
   360 | D:1      | Found a faded altar of an unknown god.
   869 | D:1      | Reached XP level 3. HP: 21/21 MP: 2/8
   872 | D:1      | Learned a level 2 spell: Blink
   876 | D:1      | Learned a level 3 spell: Spider Form
  1380 | D:2      | Reached skill level 1 in Transmutations
  1960 | D:2      | Reached XP level 4. HP: 27/27 MP: 0/9
  3027 | D:3      | Found a glowing silver altar of Zin.
  3435 | D:3      | Reached skill level 1 in Poison Magic
  3435 | D:3      | Reached XP level 5. HP: 19/31 MP: 1/10
  4056 | D:4      | Noticed Edmund
  4111 | D:4      | Found Xaiwex's Weapon Emporium.
  4129 | D:4      | Learned a level 2 spell: Poisonous Vapours
  4135 | D:4      | Reached skill level 4 in Spellcasting
  4215 | D:4      | Found a staircase to the Ecumenical Temple.
  4225 | Temple   | Entered the Ecumenical Temple
  4459 | D:4      | Killed Edmund
  4460 | D:4      | Reached XP level 6. HP: 17/37 MP: 1/12
  4795 | D:4      | Found Keshefue's Armour Shop.
  5074 | D:4      | Found Suamemip's Book Shop.
  5269 | D:4      | Succumbed to a gnoll's poison

Illustrated notes

Levels and vault maps discovered:
D:1:      erik_arrival_orb_chamber, layout_basic,
          shapermc_ecumenical_altar_notcrosses
D:2:      layout_loops_ring, minmay_split_cup_small
D:3:      layout_loops_cross, mainiacjoe_overflow_24_doors
D:4:      layout_layer_cave, minmay_temple_entry_sparse_star, serial_shops,
          shop, nicolae_shop_behind_doors, nicolae_shop_stone, uniq_edmund
Temple:   eino_wide_crystal_templ

Skill      XL: |  1  2  3  4  5 |
---------------+----------------+-----
Transmutations | 1 |  1.5
Stealth        | 3 |  3.4
Poison Magic   | 1 2 |  2.4
Spellcasting   | 4 |  4.7
Conjurations   | 2 |  2.3
Fighting       | |  0.3
Short Blades   | |  0.5
Dodging        | |  2.8
Shields        | |  0.2
Summonings     | |  1.0
Translocations | |  1.0
Air Magic      | |  0.5

Action                   |  1- 3 |  4- 6 || total
-------------------------+-------+-------++-------
Melee: Dagger            |    16 |    10 ||    26
       Constrict         |     5 |     4 ||     9
       Tentacles         |     2 |     2 ||     4
       Unarmed           |       |     3 ||     3
 Cast: Magic Dart        |    96 |   164 ||   260
       Poisonous Vapours |       |     7 ||     7
       Spider Form       |       |     1 ||     1
Armor: Skin              |     4 |     1 ||     5
Dodge: Dodged            |    40 |    25 ||    65
Block: Other             |       |     9 ||     9
